 Dungeon Crawl Stone Soup version 0.28-a0-503-g83f2989fac (webtiles) character file.

Game seed: 12748766231694738101

3439 KennyOmg the Cleaver (level 9, -3/127 HPs)
             Began as a Minotaur Berserker on Sept 20, 2021.
             Was a Priest of Trog.
             Slain by a wolf (5 damage)
             ... on level 8 of the Dungeon.
             The game lasted 00:06:18 (6603 turns).

KennyOmg the Cleaver (Minotaur Berserker)           Turns: 6603, Time: 00:06:19

Health: -3/127     AC: 15    Str: 23    XL:     9   Next: 77%
Magic:  0/8        EV:  8    Int:  5    God:    Trog [***...]
Gold:   198        SH:  0    Dex: 11    Spells: 8/8 levels left

rFire   . . .      SeeInvis .   D - +0 battleaxe
rCold   + . .      Faith    .   (shield currently unavailable)
rNeg    . . .      Spirit   +   E - +4 chain mail {rC+}
rPois   .          Reflect  .   (helmet restricted)
rElec   .          Harm     .   k - +0 cloak
rCorr   .          Rampage  .   (no gloves)
Will    +++..                   c - +0 pair of boots
Stlth   ..........              t - amulet of guardian spirit
HPRegen 1.31/turn               b - ring of willpower
MPRegen 0.11/turn               p - +4 ring of slaying

@: berserking, lethally poisoned (-3 -> -3), strong-willed (expiring),
regenerating (expiring), very quick
A: horns 2, retaliatory headbutt
a: Renounce Religion, Berserk, Trog's Hand


You were on level 8 of the Dungeon.
You worshipped Trog.
Trog was most pleased with you.
You visited 1 branch of the dungeon, and saw 8 of its levels.

You collected 218 gold pieces.
You spent 20 gold pieces at shops.

Inventory:

Hand Weapons
 D - a +0 battleaxe (weapon)
   (You took it off Harold on level 7 of the Dungeon)
Missiles
 C - 2 throwing nets (quivered) {!f}
Armour
 c - a +0 pair of boots (worn)
   (You found it on level 1 of the Dungeon)
 k - a +0 cloak (worn)
   (You took it off Crazy Yiuf on level 2 of the Dungeon)
 E - a +4 chain mail of cold resistance (worn)
   (You took it off Harold on level 7 of the Dungeon)
Jewellery
 b - a ring of willpower (left hand)
   (You found it on level 1 of the Dungeon)
 i - a ring of protection from fire
   (You found it on level 2 of the Dungeon)
 j - a +6 ring of intelligence
   (You found it on level 2 of the Dungeon)
 p - a +4 ring of slaying (right hand)
   (You found it on level 3 of the Dungeon)
 t - an amulet of guardian spirit (around neck)
   (You found it on level 4 of the Dungeon)
Wands
 d - a wand of iceblast (9)
   (You found it on level 5 of the Dungeon)
 h - a wand of charming (13)
   (You found it on level 7 of the Dungeon)
 x - a wand of acid (6)
   (You took it off an orc on level 7 of the Dungeon)
Scrolls
 a - 3 scrolls of summoning {unknown}
 e - a scroll of amnesia {unknown}
 f - 3 scrolls of magic mapping {unknown}
 g - 2 scrolls of teleportation {unknown}
 m - 3 scrolls of fog {unknown}
 n - 4 scrolls of noise {unknown}
 o - 2 scrolls of brand weapon {unknown}
 s - a scroll of blinking {unknown}
 v - 2 scrolls of vulnerability {unknown}
 F - a scroll of enchant armour {unknown}
Potions
 l - 2 potions of might
 q - 7 potions of curing {@q1}
 r - 2 potions of heal wounds {unknown}
 u - a potion of cancellation
 w - 2 potions of brilliance {unknown}
 z - a potion of flight
 A - a potion of magic {unknown}
 B - 2 potions of haste {unknown}


   Skills:
 + Level 10.2 Fighting
 * Level 13.5 Axes
 - Level 2.4 Armour
 - Level 2.1 Dodging


You had 8 spell levels left.
You didn't know any spells.
Your spell library was empty.

Dungeon Overview and Level Annotations

Branches:
Dungeon (8/15)             Temple (0/1) D:4
   Lair: D:8-11

Altars:
Dithmenos
Kikubaaqudgha
Ru
Uskayaw
Vehumet
Zin

Shops:
D:4 ?   D:5 :

Annotations:
D:3 exclusion: statue


Innate Abilities, Weirdness & Mutations

You have a pair of horns on your head.
You reflexively headbutt those who attack you in melee.


Message History

You miss the killer bee.
You feel the effects of Trog's Hand fading.
The killer bee stings you.
* * * LOW HITPOINT WARNING * * *
You are more poisoned.
The killer bee poisons you! The killer bee closely misses you.
The hound bites you but does no damage.
The killer bee stings you but does no damage.
The killer bee barely misses you. You furiously retaliate!
You headbutt the killer bee! The wolf closely misses you. The troll bites you!
* * * LOW HITPOINT WARNING * * *
The troll barely misses you. The troll claws you but does no damage.
Unknown command.
You are too berserk!
You miss the killer bee. You headbutt the killer bee!
You kill the killer bee!
Trog accepts your kill.
You closely miss the killer bee. You slash the troll!
You kill the troll!
Trog accepts your kill.
You miss the wolf. You miss the hound.
You feel sick.
The killer bee stings you but does no damage.
The wolf bites you.
* * * LOW HITPOINT WARNING * * *
You slash the killer bee! You closely miss the hound.
You closely miss the wolf. x2; You miss the hound.
You feel sick.
The killer bee stings you but does no damage.
The wolf barely misses you. The wolf bites you but does no damage.
The hound barely misses you. You furiously retaliate!
You headbutt the hound! The killer bee barely misses you.
The hound splashes around in the water.
You slice the killer bee!!
You kill the killer bee!
Trog accepts your kill.
You closely miss the hound. You barely miss the wolf.
You closely miss the wolf. You slash the hound!
You feel sick. The wolf bites you but does no damage.
The hound bites you but does no damage. The wolf bites you but does no damage.
The wolf bites you.
* * * LOW HITPOINT WARNING * * *
You barely miss the wolf. You slice the hound!!
You kill the hound!
Trog accepts your kill.
You slash the wolf! You slash the hound! x2
You kill the hound!
Trog accepts your kill.
You miss the hound.
You feel sick. The hound closely misses you. You furiously retaliate!
You headbutt the hound!
You kill the hound!
Trog accepts your kill. The wolf bites you.
You die...

.....≈≈≈≈≈.....
.....≈≈≈≈≈≈..≈.
......≈≈≈≈.....
.....≈;≈.≈..≈
....≈≈.≈≈.≈≈
#+....;≈≈.≈≈
####..h.≈≈≈≈.;≈
#<....h††≈≈≈.≈.
####.h@h.≈≈≈.;.
#...≈..≈≈...
#...........
#...[.......
#........#..
#......!.# .
#.######..# #.
..#


You could see 2 wolves, 2 hounds and 4 electric eels.

Vanquished Creatures
  Harold (D:7)
  A troll (D:8)
  Sigmund (D:5)
  Menkaure (D:6)
  Duvessa (D:4)
  A hornet zombie (D:6)
  2 sky beasts (D:5)
  A black bear (D:6)
  3 necrophages
  An ogre (D:5)
  A centaur (D:5)
  A phantom (D:5)
  A bullfrog (D:7)
  Blork the orc (D:5)
  2 scorpions (D:6)
  Dowan (D:4)
  A water moccasin skeleton (D:4)
  4 killer bees (D:8)
  2 howler monkeys
  A vampire bat (D:7)
  An electric eel (D:8)
  7 hounds
  A bullfrog skeleton (D:5)
  2 orc priests
  Crazy Yiuf (D:2)
  A centaur skeleton (D:7)
  2 iguanas
  5 orc wizards
  A hound skeleton (D:5)
  2 adders
  A shadow imp (D:7)
  2 white imps
  A dart slug (D:5)
  13 orcs
  6 ball pythons
  3 bat skeletons (D:7)
  3 bat zombies (D:7)
  2 endoplasms
  2 giant cockroaches
  11 goblins
  3 hobgoblins
  8 jackals
  3 quokkas (D:1)
  5 bats
  8 kobolds
  2 rats
124 creatures vanquished.

Notes
Turn   | Place    | Note
-------+----------+-------------------------------------------
     0 | D:1      | KennyOmg the Minotaur Berserker began the quest for the
                  | Orb.
     0 | D:1      | Reached XP level 1. HP: 19/19 MP: 0/0
    30 | D:1      | Reached skill level 4 in Axes
   102 | D:1      | Reached XP level 2. HP: 25/27 MP: 1/1
   484 | D:1      | Reached ** piety under Trog
   554 | D:1      | Reached XP level 3. HP: 32/33 MP: 2/2
   792 | D:2      | Found a runed translucent door.
   793 | D:2      | Noticed Crazy Yiuf
   911 | D:2      | Reached skill level 5 in Axes
  1347 | D:2      | Killed Crazy Yiuf
  1348 | D:2      | Reached XP level 4. HP: 41/41 MP: 3/3
  1472 | D:3      | Found a faded altar of an unknown god.
  1721 | D:3      | Found a radiant altar of Vehumet.
  1754 | D:3      | Reached skill level 6 in Axes
  2359 | D:3      | Noticed a frost-covered statue
  2494 | D:4      | Found a sacrificial altar of Ru.
  2503 | D:4      | Reached skill level 5 in Fighting
  2503 | D:4      | Reached XP level 5. HP: 47/48 MP: 4/4
  2631 | D:4      | Identified the +1 robe "Uturept" {Will+ Int+4}
  2928 | D:4      | Noticed Duvessa
  2938 | D:4      | Killed Duvessa
  2939 | D:4      | Reached skill level 7 in Axes
  2939 | D:4      | Reached XP level 6. HP: 57/57 MP: 5/5
  2939 | D:4      | Noticed Dowan
  2946 | D:4      | Killed Dowan
  3393 | D:4      | Found a staircase to the Ecumenical Temple.
  3441 | D:4      | Found a shadowy altar of Dithmenos.
  3676 | D:4      | Found Xeulod's Magic Scroll Shop.
  3679 | D:4      | Bought a scroll of identify for 20 gold pieces
  3826 | D:5      | Entered Level 5 of the Dungeon
  3860 | D:5      | Noticed a sky beast
  3871 | D:5      | Killed a sky beast
  3872 | D:5      | Reached skill level 8 in Axes
  3956 | D:5      | Reached XP level 7. HP: 54/64 MP: 4/6
  4139 | D:5      | Found Vihago Aruosh's Book Shop.
  4151 | D:5      | Noticed Sigmund
  4157 | D:5      | Killed Sigmund
  4158 | D:5      | Reached skill level 9 in Axes
  4237 | D:5      | Noticed Blork the orc
  4244 | D:5      | Killed Blork the orc
  4518 | D:5      | Reached XP level 8. HP: 69/73 MP: 7/7
  4543 | D:5      | Reached skill level 10 in Axes
  4904 | D:6      | Reached *** piety under Trog
  4935 | D:6      | Noticed Menkaure
  4941 | D:6      | Killed Menkaure
  5084 | D:6      | Reached skill level 11 in Axes
  5684 | D:6      | Found a hide-covered altar of Uskayaw.
  5757 | D:7      | Noticed Harold
  5771 | D:7      | Killed Harold
  5772 | D:7      | Reached skill level 12 in Axes
  5772 | D:7      | Reached XP level 9. HP: 84/84 MP: 5/8
  5990 | D:7      | Found a glowing silver altar of Zin.
  6378 | D:7      | Reached skill level 13 in Axes
  6398 | D:7      | Found an ancient bone altar of Kikubaaqudgha.
  6587 | D:8      | Noticed a troll
  6598 | D:8      | Reached skill level 10 in Fighting
  6600 | D:8      | Killed a troll
  6601 | D:8      | HP: 6/127 [poisoned by a killer bee]
  6602 | D:8      | HP: 2/127 [wolf (4)]
  6603 | D:8      | Slain by a wolf

Illustrated notes

Levels and vault maps discovered:
D:1:      dpeg_arrival_solitude, layout_basic
D:2:      layout_rooms, uniq_crazy_yiuf_cottage
D:3:      layout_basic, vehumet_statue, hellmonk_ecumenical_altar_arch_garden,
          kennysheep_crisscross, nrook_mini_backslash, st_stairs_2,
          minmay_misc_feat_square
D:4:      layout_loops_corners, nicolae_ru_great_annihilating_truth,
          nicolae_dithmenos_shadow_blocks, minmay_temple_entry_nine_rooms,
          serial_shops, kennysheep_mini, minmay_liquid_box,
          hangedman_abyss_or_decor_slice, uniq_duvessa
D:5:      layout_cave_pods, serial_shops, nicolae_shop_stone,
          uniq_blork_the_orc, uniq_sigmund
D:6:      layout_rooms, kennysheep_mini_moat, minmay_fountain_box, uniq_menkaure
D:7:      layout_basic, kennysheep_vampire_church, mainiacjoe_overflow_catwalk,
          serial_park_tiny_1, uniq_harold
D:8:      layout_basic, nicolae_overflow_hidden_temple, erik_lair_island,
          serial_shops, shop, uniq_gastronok, uniq_grum

Skill      XL: |  1  2  3  4  5  6  7  8  9 |
---------------+----------------------------+-----
Axes           | 4 5 6 7 8 9 12 13 | 13.5
Fighting       | 4 5 6 7 9 10 | 10.2
Armour         | |  2.4
Dodging        | |  2.1

Action                   |  1- 3 |  4- 6 |  7- 9 || total
-------------------------+-------+-------+-------++-------
Melee: Hand axe          |    78 |    87 |    93 ||   258
       Headbutt          |     9 |    13 |    25 ||    47
       Battleaxe         |       |       |    51 ||    51
Invok: Berserk           |     1 |     1 |     5 ||     7
       Trog's Hand       |       |       |     1 ||     1
  Use: Scroll            |       |     4 |     1 ||     5
 Stab: Paralysed         |       |     1 |       ||     1
Armor: Ring mail         |    14 |       |       ||    14
       Animal skin       |     1 |       |       ||     1
       Chain mail        |    41 |    39 |    98 ||   178
Dodge: Dodged            |    46 |    21 |    86 ||   153

Table legend: (Time is in decaauts)
 A = Elapsed time spent in this place.
 B = Non-inter-level travel time spent in this place.
 C = Inter-level travel time spent in this place.
 D = Time resting spent in this place.
 E = Time spent auto-exploring this place.
 F = Levels seen in this place.
 G = Mean time per level.
                   A        B        C        D        E       F      G
               +--------+--------+--------+--------+--------+-----+--------+
         Total |   6641 |   6482 |    159 |    893 |   4750 |   8 |  830.1 |
       Dungeon |   6641 |   6482 |    159 |    893 |   4750 |   8 |  830.1 |
               +--------+--------+--------+--------+--------+-----+--------+

Top non-repeatable levels by time:
     D:4: 1347 daAuts
     D:5: 1084 daAuts
     D:3: 1031 daAuts
     D:7: 879 daAuts
     D:6: 814 daAuts
     D:2: 774 daAuts
     D:1: 690 daAuts
     D:8: 19 daAuts
